 Dungeon Crawl Stone Soup version 0.28.0-53-g5a82cb258f (webtiles) character file.

Game seed: 9514953515998928641

15 jjjjhere the Sneak (level 2, 0/25 HPs)
             Began as a Formicid Delver on July 29, 2022.
             Succumbed to an adder's poison
             ... on level 2 of the Dungeon.
             The game lasted 00:00:58 (787 turns).

jjjjhere the Sneak (Formicid Delver)                 Turns: 787, Time: 00:00:58

Health: 0/25       AC:  3    Str: 16    XL:     2   Next: 65%
Magic:  2/2        EV: 11    Int:  9    God:
Gold:   0          SH:  0    Dex: 12    Spells: 1/1 levels left

rFire   . . .      SeeInvis +   a - +0 spear
rCold   . . .      Faith    .   (no shield)
rNeg    . . .      Spirit   .   b - +0 leather armour
rPois   .          Reflect  .   (helmet unavailable)
rElec   .          Harm     .   (no cloak)
rCorr   .          Rampage  .   (no gloves)
Will    .....                   (no boots)
Stlth   +++.......              (no amulet)
HPRegen 0.08/turn               (no ring)
MPRegen 0.08/turn               (no ring)

@: lethally poisoned (0 -> -11)
A: permanent stasis, dig shafts and tunnels, antennae 3, four strong arms
a: Dig, Shaft Self


You were on level 2 of the Dungeon.
You visited 1 branch of the dungeon, and saw 4 of its levels.

Inventory:

Hand Weapons
 a - a +0 spear (weapon)
Armour
 b - a +0 leather armour (worn)
Wands
 f - a wand of digging (3)
Scrolls
 c - a scroll of fog
 d - a scroll of magic mapping
 e - a scroll of fear


   Skills:
 + Level 3.7 Fighting
 * Level 2.6 Polearms
 - Level 1.7 Dodging
 - Level 6.0 Stealth


You had one spell level left.
You didn't know any spells.
Your spell library was empty.

Dungeon Overview and Level Annotations

Branches:
Dungeon (5/15)
 Temple: D:4-7

Altars:

Annotations:
D:4 Menkaure


Innate Abilities, Weirdness & Mutations

You cannot be hasted, slowed, berserked, paralysed or teleported.
You can dig through walls and to a lower floor.
You have a pair of large antennae on your head. (SInv)
Your four strong arms can wield two-handed weapons with a shield.


Message History

You are poisoned.
The adder poisons you!
You completely miss the adder.
The adder is moderately wounded.
You feel sick. The adder misses you.
You hit the adder but do no damage.
The adder is lightly wounded.
You feel sick. The adder bites you but does no damage.
The adder closely misses you.
You closely miss the adder.
The adder is lightly wounded.
You feel sick. The adder bites you.
You are more poisoned.
The adder poisons you!
You barely miss the adder.
The adder is lightly wounded.
You feel sick. The adder barely misses you.
You hit the adder.
The adder is heavily wounded.
* * * LOW HITPOINT WARNING * * *
You feel sick. The adder bites you.
* * * LOW HITPOINT WARNING * * *
The adder closely misses you.
It was a potion of curing.
You feel better. The adder bites you.
You are poisoned.
The adder poisons you!
You barely miss the adder. You punch the adder.
The adder is heavily wounded.
You feel sick. The adder bites you.
* * * LOW HITPOINT WARNING * * *
You are more poisoned.
The adder poisons you!
You hit the adder.
You kill the adder!
* * * LOW HITPOINT WARNING * * *
You feel sick.
You have reached level 2!
Unknown command.
There is a lethal amount of poison in your body!
You die...

### #.. #.# #
########### #.# ...
#.........# #.#
....# ##.#######.#
#.#
......###..)######.#
#.#
#...†@.(#.....##.#
#.#
#######...###.##.#
#.# ##.## #.##.# #.#
#.# #.##.###.# #.#
#.#...##.# #.#
#.{......# #.#
###...####
#.#######.##
.........#


There were no monsters in sight!

Vanquished Creatures
  An adder (D:2)
  2 goblins (D:2)
  2 bats (D:2)
  2 rats (D:3)
7 creatures vanquished.

Notes
Turn   | Place    | Note
-------+----------+-------------------------------------------
     0 | D:5      | jjjjhere the Formicid Delver began the quest for the Orb.
     0 | D:5      | Reached XP level 1. HP: 18/18 MP: 1/1
    35 | D:4      | Noticed Menkaure
   543 | D:2      | HP: 4/18 [worm (5)]
   783 | D:2      | HP: 5/18 [poisoned by an adder]
   783 | D:2      | HP: 2/18 [adder (3)]
   787 | D:2      | Reached XP level 2. HP: 3/25 MP: 2/2
   787 | D:2      | Succumbed to an adder's poison

Illustrated notes

Levels and vault maps discovered:
D:2:      layout_loops_ring, serial_shops, shop_statue, minmay_between
D:3:      layout_rooms, gammafunk_ghost_cemetery
D:4:      layout_cave_pools, mainiacjoe_overflow_alcove_4, uniq_menkaure
D:5:      layout_basic, nicolae_overflow_crystal_walls, st_stairs_9, uniq_edmund

Action                   || total
-------------------------++-------
Melee: Spear             ||    53
       Punch             ||     1
 Abil: Dig               ||     1
  Use: Potion            ||     1
 Stab: Sleeping          ||     2
       Distracted        ||     1
Armor: Leather armour    ||    14
Dodge: Dodged            ||    26
